 Dungeon Sprint DCSS version 0.31-a0-588-g14bffd4ff3 (webtiles) character file.

Game seed: 10819568944450163140

449 Conn the Arsonist (level 7, -1/45 HPs)
             Began as an Octopode Fire Elementalist on Aug 19, 2023.
             Was an Initiate of Sif Muna.
             Slain by a centaur warrior (14 damage)
             ... in the Dungeon (Sprint I: "Red Sonja").
             The game lasted 00:02:42 (481 turns).

Conn the Arsonist (Octopode Fire Elementalist)       Turns: 481, Time: 00:02:42

Health: -1/45      AC:  1    Str:  8    XL:     7   Next: 4%
Magic:  9/18       EV: 14    Int: 19    God:    Sif Muna [......]
Gold:   416        SH:  0    Dex: 12    Spells: 11/21 levels left

rFire   . . .        e - +0 dagger
rCold   . . .        (no shield)
rNeg    . . .        (helmet restricted)
rPois   .            (no amulet)
rElec   .            (no ring)
rCorr   .            (no ring)
SInv    .            (no ring)
Will    .....        (no ring)
Stlth   ++++         (no ring)
HPRegen 0.27/turn    (no ring)
MPRegen 0.16/turn    (no ring)
                     (no ring)

%: no teleportation
@: no status effects
A: almost no armour, amphibious, 8 rings, camouflage 1, gelatinous body 1,
(nimble swimmer 1), tentacles
a: Renounce Religion


You were in the Dungeon.
You worshipped Sif Muna.
Sif Muna was noncommittal.
You visited 1 branch You collected 416 gold pieces.

Inventory:

Hand Weapons
 e - a +0 dagger (weapon)
Wands
 d - a wand of iceblast (11)
Scrolls
 f - a scroll of blinking
Potions
 a - 3 potions of magic
 b - a potion of curing
 c - a potion of heal wounds
 g - a potion of invisibility {unknown}


   Skills:
 + Level 2.1 Fighting
 + Level 4.6 Dodging
 + Level 6.5 Stealth
 * Level 7.6 Spellcasting
 * Level 5.8 Conjurations
 + Level 9.1 Fire Magic


You had 11 spell levels left.
You knew the following spells:

 Your Spells              Type           Power      Damage    Failure   Level
a - Foxfire               Conj/Fire      100%       2x1d9     1%          1
b - Scorch                Fire           82%        2d8       1%          2
c - Inner Flame           Hex/Fire       24%        N/A       4%          3
d - Flame Wave            Conj/Fire      35%        2d10      4%          4

Your spell library contained the following spells:

 Spells                   Type           Power      Damage    Failure   Level
 Volatile Blastmotes      Fire/Tloc      48%        2d14      4%          3


Dungeon Overview and Level Annotations

Branches:
Dungeon (1/1)

Altars:
Cheibriados
Dithmenos
Elyvilon
Fedhas
Hepliaklqana
Kikubaaqudgha
Makhleb
Okawaru
Qazlal
Ru
Sif Muna
Trog
Uskayaw
Vehumet
Wu Jian
Xom
Yredelemnul
Zin
The Shining One
Jiyva
Lugonu

Shops:
D *


Innate Abilities, Weirdness & Mutations

You cannot wear most types of armour.
You are amphibious.
You can wear up to eight rings at the same time.
Your skin changes colour to match your surroundings (Stealth+).
Your rubbery body absorbs attacks. (AC +1, EV +1)
((You are camouflaged when in or above water. (Stealth+)))
You have tentacles for arms and can constrict up to eight enemies at once.


Message History

Unknown command.
Casting: Inner Flame (dangerous; 4% risk of failure)
Confirm with . or Enter, or press ? or * to list all spells.
Casting: Flame Wave (dangerous; 4% risk of failure)
Press: ? - help, Dir - look around, f - activate A wave of flame ripples out!
The flame wave engulfs the centaur warrior!
Flame seeps out of the centaur warrior.
The centaur warrior is lightly wounded. (Press . to intensify the flame waves.)
The centaur warrior is engulfed in blazing flames.
Flame seeps out of the centaur warrior.
The centaur warrior hits you! The centaur warrior kicks you.
Unknown command.
A wave of flame ripples out!
The flame wave engulfs the centaur warrior but does no damage.
The centaur warrior is moderately wounded.
The flame wave engulfs the yak!
The yak is moderately wounded.
The centaur warrior is engulfed in blazing flames.
Flame seeps out of the centaur warrior.
The centaur warrior misses you. The centaur warrior barely misses you.
Unknown command.
Unknown command.
A wave of flame ripples out!
The flame wave engulfs the centaur warrior!
Flame seeps out of the centaur warrior.
The centaur warrior is severely wounded.
The flame wave engulfs the yak!
The yak is heavily wounded.
The flame wave engulfs the centaur warrior!
The centaur warrior is moderately wounded.
You finish channelling waves of flame.
The centaur warrior is engulfed in blazing flames.
Flame seeps out of the centaur warrior.
The centaur warrior hits you! The centaur warrior kicks you.
* * * LOW HITPOINT WARNING * * *
The centaur warrior is engulfed in blazing flames.
Flame seeps out of the centaur warrior.
The centaur warrior hits you!
You die...

######################
#<.#.[)..#..'..#__#..+
#..'.)#..'..#..'..'..#
#..#####'#####@#__####
#..# #..#...#c####
#..#__####..##Y#
#..#_____##'#_c'~§§§.+
#⌠⌠#_.∩...'..._#§§§§c#
####_..__##_.#'##+####
___ ##+#)# # ###


You could see 2 centaur warriors and a yak.

Vanquished Creatures
  A slime creature (D)
  Sigmund (D)
  An ogre (D)
  A jelly (D)
  Ijyb (D)
5 creatures vanquished.

Vanquished Creatures (others)
  4 foxfires (D)
4 creatures vanquished.

Grand Total: 9 creatures vanquished

Notes
Turn   | Place    | Note
-------+----------+-------------------------------------------
     0 | D        | Conn the Octopode Fire Elementalist began the quest for the
                  | Orb.
     0 | D        | Reached XP level 1. HP: 11/11 MP: 3/3
     1 | D        | Noticed Ijyb
    15 | D        | Killed Ijyb
    16 | D        | Reached skill level 4 in Fire Magic
    16 | D        | Reached XP level 2. HP: 2/18 MP: 4/6
    16 | D        | Reached XP level 3. HP: 2/22 MP: 4/7
   122 | D        | Learned a level 2 spell: Scorch
   126 | D        | Learned a level 3 spell: Inner Flame
   126 | D        | Noticed an ogre
   130 | D        | Killed an ogre
   131 | D        | Reached skill level 1 in Fighting
   131 | D        | Reached skill level 6 in Fire Magic
   131 | D        | Reached XP level 4. HP: 28/28 MP: 2/10
   203 | D        | Noticed Sigmund
   215 | D        | Killed Sigmund
   216 | D        | Reached skill level 5 in Stealth
   216 | D        | Reached skill level 7 in Fire Magic
   216 | D        | Reached XP level 5. HP: 20/34 MP: 5/13
   216 | D        | Reached XP level 6. HP: 23/39 MP: 5/15
   290 | D        | Learned a level 4 spell: Flame Wave
   303 | D        | Found a burning altar of Makhleb.
   303 | D        | Found a viscous altar of Jiyva.
   303 | D        | Found a shimmering altar of Xom.
   303 | D        | Found a corrupted altar of Lugonu.
   303 | D        | Noticed a slime creature
   308 | D        | Killed a slime creature
   309 | D        | Reached skill level 5 in Conjurations
   309 | D        | Reached skill level 9 in Fire Magic
   429 | D        | Found an ornate altar of the Wu Jian Council.
   429 | D        | Found a shimmering blue altar of Sif Muna.
   431 | D        | Found a radiant altar of Vehumet.
   436 | D        | Reached XP level 7. HP: 45/45 MP: 13/18
   448 | D        | Became a worshipper of Sif Muna the Loreminder
   469 | D        | Found Bilap's General Store.
   469 | D        | Found an ancient bone altar of Kikubaaqudgha.
   469 | D        | Found a hazy altar of Hepliaklqana.
   469 | D        | Found a stormy altar of Qazlal.
   469 | D        | Found a hide-covered altar of Uskayaw.
   469 | D        | Found a blossoming altar of Fedhas.
   469 | D        | Found a bloodstained altar of Trog.
   469 | D        | Found an iron altar of Okawaru.
   469 | D        | Found a basalt altar of Yredelemnul.
   469 | D        | Found a glowing golden altar of the Shining One.
   469 | D        | Found a snail-covered altar of Cheibriados.
   469 | D        | Found a sacrificial altar of Ru.
   469 | D        | Found a glowing silver altar of Zin.
   469 | D        | Found a shadowy altar of Dithmenos.
   469 | D        | Found a white marble altar of Elyvilon.
   469 | D        | Noticed a yak
   473 | D        | Noticed a centaur warrior
   477 | D        | Noticed a centaur warrior
   481 | D        | Slain by a centaur warrior

Illustrated notes

Levels and vault maps discovered:
D:        dungeon_sprint_1 [red_sonja_temple_1, red_sonja_temple_small_1]

Skill      XL: |  1  2  3  4  5  6 |
---------------+-------------------+-----
Stealth        | 3 4 5 6 |  6.5
Spellcasting   | 3 4 6 7 |  7.6
Conjurations   | 2 3 4 5 |  5.8
Fire Magic     | 4 6 7 9 |  9.1
Fighting       | 1 2 |  2.1
Dodging        | 3 4 |  4.6

Action                     |  1- 3 |  4- 6 |  7- 9 || total
---------------------------+-------+-------+-------++-------
  Melee: Unarmed           |    10 |       |       ||    10
         Tentacles         |     5 |       |       ||     5
         Constrict         |     1 |       |       ||     1
   Cast: Scorch            |     2 |     9 |       ||    11
         Foxfire           |     1 |     1 |       ||     2
         Inner Flame       |       |       |     1 ||     1
         Flame Wave        |       |       |     1 ||     1
    Use: Potion            |     2 |       |       ||     2
   Stab: Sleeping          |     1 |       |       ||     1
 Armour: Skin              |     1 |       |       ||     1
  Dodge: Dodged            |       |     2 |     3 ||     5

Table legend: (Time is in decaauts)
 A = Elapsed time spent in this place.
 B = Non-inter-level travel time spent in this place.
 C = Inter-level travel time spent in this place.
 D = Time resting spent in this place.
 E = Time spent auto-exploring this place.
 F = Levels seen in this place.
 G = Mean time per level.
                   A        B        C        D        E       F      G
               +--------+--------+--------+--------+--------+-----+--------+
         Total |    473 |    473 |      0 |    302 |      0 |   1 |  473.0 |
       Dungeon |    473 |    473 |      0 |    302 |      0 |   1 |  473.0 |
               +--------+--------+--------+--------+--------+-----+--------+

Top non-repeatable levels by time:
       D: 473 daAuts
